 Dungeon Crawl Stone Soup version 0.29.1-15-g9cfb28693d (webtiles) character file.

Game seed: 6082034545329001448

40222 croobank the Cleaver (level 14, -1/104 HPs)
             Began as a Human Conjurer on Feb 24, 2023.
             Was an Initiate of Gozag.
             Slain by a boulder beetle (14 damage)
             ... on level 11 of the Dungeon on Feb 25, 2023.
             The game lasted 02:33:37 (29892 turns).

croobank the Cleaver (Human Conjurer)              Turns: 29892, Time: 02:33:37

Health: -1/104     AC: 11    Str:  8    XL:     14   Next: 43%
Magic:  1/25       EV: 17    Int: 22    God:    Gozag
Gold:   863        SH:  0    Dex: 20    Spells: 2/28 levels left

rFire   . . .      SeeInvis +   E - +5 war axe
rCold   + . .      Faith    .   (no shield)
rNeg    . . .      Spirit   .   e - +2 leather armour {rF+}
rPois   +          Reflect  .   j - +2 helmet
rElec   .          Harm     .   C - +0 cloak
rCorr   +          Rampage  .   (no gloves)
Will    +....      Clarity  +   (no boots)
Stlth   ++++......              n - amulet of regeneration
HPRegen 1.07/turn               i - ring of ice
MPRegen 0.19/turn               Q - ring "Ijoat" {rPois rCorr Dex+7 SInv}

@: mighty
A: iridescent scales 1, clarity, poison resistance, no potion heal 1
a: Renounce Religion, Potion Petition, Call Merchant, Bribe Branch


You were on level 11 of the Dungeon.
You worshipped Gozag.
Gozag was pleased with you.
You visited 2 branches of the dungeon, and saw 17 of its levels.
You also visited: Bailey.

You collected 4006 gold pieces.
You spent 334 gold pieces at shops.
You paid 2809 gold pieces to Gozag.

Inventory:

Hand Weapons
 f - the +10 dagger of Fiyleug {antimagic, rElec SInv}
   (You found it on level 3 of the Lair of Beasts)

   It reduces the magical energy of the wielder, and disrupts the spells and
   magical abilities of those it strikes.
   Natural abilities and divine invocations are not affected.
   rElec:     It insulates you from electricity.
   SInv:      It lets you see invisible.
 g - a +4 shortbow
 o - a +3 short sword of holy wrath
 p - a +0 lajatang of protection
 q - a +1 broad axe of flaming
 v - the +4 spear of Desertification {flame, rF- Str+6}
   (You bought it in a shop on level 5 of the Dungeon)

   It burns those it strikes, dealing additional fire damage.
   Str:       It affects your strength (+6).
   rF:        It makes you vulnerable to fire.
 D - a +0 sling of flaming
 E - a +5 war axe (weapon)
 H - a +3 war axe of flaming
Missiles
 s - 32 boomerangs (quivered)
 t - 32 poisoned darts
 B - 8 javelins
 K - 2 curare-tipped darts
 O - 5 atropa-tipped darts
Armour
 a - the +0 pair of boots of Kamavin {*Slow +Inv Str+3}
   (You acquired it on level 10 of the Dungeon)

   Str:       It affects your strength (+3).
   +Inv:      It lets you turn invisible.
   *Slow:     It may slow you when you take damage.
 e - a +2 leather armour of fire resistance (worn)
 j - a +2 helmet (worn)
 C - a +0 cloak (worn)
 X - the +0 robe "Kushrieci" {rElec Will- Slay+2}
   (You found it on level 2 of the Lair of Beasts)

   Slay:      It affects your accuracy & damage with ranged weapons and melee
   (+2).
   rElec:     It insulates you from electricity.
   Will:      It decreases your willpower.
Magical Staves
 r - a staff of conjuration
 z - a staff of poison
 F - a staff of cold
Jewellery
 i - a ring of ice (left hand)
 m - an amulet of reflection
 n - an amulet of regeneration (around neck)
 u - a +4 ring of protection
 Q - the ring "Ijoat" (right hand) {rPois rCorr Dex+7 SInv}
   (You bought it in a shop on level 8 of the Dungeon)

   [ring of see invisible]

   Dex:       It affects your dexterity (+7).
   rPois:     It protects you from poison.
   SInv:      It lets you see invisible.
   rCorr:     It protects you from acid and corrosion.
 S - a +6 ring of dexterity
Wands
 d - a wand of digging (12)
 J - a wand of polymorph (6)
 R - a wand of flame (33)
 U - a wand of mindburst (10)
Scrolls
 b - a scroll of enchant armour
 h - 3 scrolls of amnesia
 w - a scroll of poison
 y - a scroll of vulnerability
 I - 3 scrolls of immolation
 T - a scroll of magic mapping
 W - 6 scrolls of identify
 Y - a scroll of fog
Potions
 c - 2 potions of curing
 k - a potion of attraction
 x - a potion of mutation
 A - a potion of ambrosia
 M - 3 potions of brilliance
 N - 2 potions of might
 V - 2 potions of flight
Miscellaneous
 L - a box of beasts


   Skills:
 + Level 7.9 Fighting
 + Level 10.1 Axes
 - Level 8.8 Staves
 - Level 3.0 Armour
 + Level 8.3 Dodging
 + Level 9.0 Stealth
 + Level 7.6 Spellcasting
 - Level 7.7 Conjurations
 - Level 6.1 Hexes
 - Level 7.9 Translocations
 + Level 1.3 Air Magic
 + Level 1.3 Poison Magic


You had 2 spell levels left.
You knew the following spells:

 Your Spells              Type           Power      Damage    Failure   Level
a - Magic Dart            Conj           100%       1d8       1%          1
b - Searing Ray           Conj           84%        2d7       1%          2
c - Dazzling Flash        Conj/Hex       76%        N/A       1%          3
d - Tukima's Dance        Hex            35%        N/A       2%          3
e - Fulminant Prism       Conj/Hex       19%        3d11      6%          4
f - Iskenderun's Mystic   Conj/Tloc      43%        2d10      4%          4
g - Ensorcelled Hibernat  Hex/Ice        64%        N/A       4%          2
h - Cause Fear            Hex            17%        N/A       9%          4
i - Mephitic Cloud        Conj/Pois/Air  23%        N/A       8%          3

Your spell library contained the following spells:

 Spells                   Type           Power      Damage    Failure   Level
 Necrotise                Necr           32%        1d5       11%         1
 Call Imp                 Summ           8%         N/A       17%         2
 Passwall                 Tmut/Erth      6%         N/A       17%         2
 Gell's Gravitas          Tloc           43%        N/A       1%          3
 Portal Projectile        Hex/Tloc       78%        N/A       1%          3
 Stone Arrow              Conj/Erth      50%        3d10      7%          3
 Inner Flame              Hex/Fire       21%        N/A       10%         3
 Swiftness                Air            14%        N/A       19%         3
 Anguish                  Hex/Necr       10%        N/A       30%         4
 Animate Armour           Summ/Erth      16%        N/A       73%         4
 Blade Hands              Tmut           4%         N/A       97%         5
 Malign Gateway           Summ/Tloc      12%        N/A       100%        7
 Discord                  Hex            17%        N/A       100%        8
 Lehudib's Crystal Spear  Conj/Erth      12%        10d4      100%        8


Dungeon Overview and Level Annotations

Branches:
Dungeon (12/15)            Temple (0/1) D:6            Lair (5/5) D:9
 Shoals (0/4) Lair:2       Spider (0/4) Lair:3        Slime (0/5) Lair:4
    Orc (0/2) D:11         Bailey (visited)

Altars:
Ashenzari
Cheibriados
Gozag
Hepliaklqana
Sif Muna
Trog
Uskayaw
Vehumet
Zin

Shops:
D:3 (   D:5 (   D:8 *   Lair:2 :

Portals:
Trove: D:10 (give +3 ice dragon scales)

Annotations:
D:7 2 transporters, zeram's ghost, novice SpEn
D:11 3 runed translucent doors, fitz's ghost, journeyman HOFi
Lair:4 1 runed translucent door


Innate Abilities, Weirdness & Mutations

You are partially covered in iridescent scales. (AC +2)
You possess an exceptional clarity of mind.
Your system is resistant to poisons. (rPois)
Potions are less effective at restoring your health.


Message History

The boulder beetle hits you!!
The boulder beetle stops rolling and uncurls.
The boulder beetle bites you!!
There is a stone staircase leading up, spattered with blood here.
The boulder beetle bites you!
You climb upwards.
Level annotation: 3 runed translucent doors, fitz's ghost, journeyman HOFi
There is a stone staircase leading down here.
Casting: Iskenderun's Mystic Blast (dangerous; 4% risk of failure)
Confirm with . or Enter, or press ? or * to list all spells.
Aiming: Searing Ray (safe; 1% risk of failure)
Press: ? - help, Shift-Dir - straight line, f - boulder beetle
Aim: a boulder beetle (lightly wounded, 100% to hit)
The searing ray hits the boulder beetle but does no damage.
The boulder beetle is lightly wounded. (Press . to maintain the ray.)
The boulder beetle barely misses you.
Casting: Searing Ray (safe; 1% risk of failure)
Confirm with . or Enter, or press ? or * to list all spells.
You erupt in a blast of force!
The mystic blast hits the boulder beetle but does no damage.
The boulder beetle barely misses you.
Okay, then.
You feel very mighty all of a sudden.
The boulder beetle completely misses you.
Your +3 war axe of flaming stops flaming.
E - a +5 war axe (weapon)
The boulder beetle bites you!
You slash the boulder beetle!
The boulder beetle is lightly wounded.
The boulder beetle bites you.
You hit the boulder beetle but do no damage.
The boulder beetle is lightly wounded.
The boulder beetle bites you!!
* * * LOW HITPOINT WARNING * * *
You hit the boulder beetle but do no damage.
The boulder beetle is lightly wounded.
The boulder beetle bites you!
You die...
Your body crumbles into a pile of gold.

#(....+...#
#..(..+...##
#$...(#.....
#######.....#..##.
#.[...###########.
#..........####...
#..........#....##
#..........#.#####
#@...........# #
#.B....(...### #
#..........# #
#..........# #
############ # # #


You could see a boulder beetle.

Vanquished Creatures
  Josephine (D:10)
  4 hydras
  A vault guard (D:9)
  A boulder beetle (Lair:3)
  2 two-headed ogres
  3 death yaks
  Urug (D:10)
  Nergalle (D:10)
  A cyclops (D:12)
  8 elephants
  A merfolk siren (Lair:2)
  4 black mambas
  7 cane toads
  Maggie (D:7)
  7 komodo dragons
  5 rime drakes
  2 unseen horrors
  A merfolk (Lair:2)
  4 trolls
  3 hornets
  A polar bear (Lair:3)
  17 blink frogs
  4 dream sheep (Lair:4)
  4 basilisks
  3 vampires
  9 wyverns
  6 wraiths
  27 yaks
  4 steam dragons
  2 redbacks (Lair:3)
  3 vampire mosquitoes (D:9)
  Menkaure (D:5)
  16 water moccasins
  Duvessa (D:6)
  A swamp drake (D:11)
  6 orc warriors
  4 ice beasts
  A sky beast (D:6)
  4 ogres
  9 centaurs
  A phantom (D:5)
  A gnoll sergeant (D:7)
  3 kobold brigands
  2 scorpions (D:5)
  9 bullfrogs
  2 necrophages
  8 wights
  Dowan (D:6)
  15 killer bees (D:9)
  4 howler monkeys
  5 hounds
  4 jellies
  A gnoll bouda (D:6)
  11 orc priests
  Jessica (D:3)
  3 iguanas
  12 orc wizards
  Robin (D:2)
  11 gnolls
  9 adders
  A white imp (D:5)
  2 ufetubi
  3 dart slugs
  43 orcs
  8 ball pythons
  2 bats
  6 endoplasms
  8 giant cockroaches
  22 goblins
  15 hobgoblins
  6 quokkas
  2 frilled lizards (D:1)
  37 kobolds
  10 rats
  2 fulminant prisms (Lair:1)
452 creatures vanquished.

Vanquished Creatures (collateral kills)
  A wight (D:8)
1 creature vanquished.

Vanquished Creatures (others)
  A dancing weapon (D:8)
  3 bushes (D:9)
  80 fulminant prisms
  43 fungi
  66 plants
193 creatures vanquished.

Grand Total: 646 creatures vanquished

Notes
Turn   | Place    | Note
-------+----------+-------------------------------------------
     0 | D:1      | croobank the Human Conjurer began the quest for the Orb.
     0 | D:1      | Reached XP level 1. HP: 13/13 MP: 3/3
   509 | D:1      | Reached XP level 2. HP: 19/19 MP: 1/5
   512 | D:1      | Learned a level 2 spell: Searing Ray
  1139 | D:1      | Reached XP level 3. HP: 25/25 MP: 2/6
  1181 | D:1      | Learned a level 3 spell: Dazzling Flash
  1304 | D:1      | Found a faded altar of an unknown god.
  1418 | D:1      | Reached skill level 1 in Fighting
  2030 | D:2      | Noticed Robin
  2032 | D:2      | Reached XP level 4. HP: 32/32 MP: 4/7
  2370 | D:2      | Killed Robin
  3055 | D:3      | Reached skill level 1 in Hexes
  3097 | D:3      | You fall into a shaft and drop 1 floor!
  3101 | D:4      | Reached XP level 5. HP: 37/37 MP: 4/8
  3636 | D:3      | Noticed Jessica
  3645 | D:3      | Reached XP level 6. HP: 44/44 MP: 2/10
  3645 | D:3      | Killed Jessica
  3646 | D:3      | Reached skill level 1 in Staves
  3963 | D:3      | Found Ipneupaowk's Weapon Boutique.
  4888 | D:4      | Found a snail-covered altar of Cheibriados.
  5357 | D:4      | Reached skill level 1 in Armour
  5357 | D:4      | Reached XP level 7. HP: 42/50 MP: 4/11
  5587 | D:4      | Found a broken altar of Ashenzari.
  5674 | D:5      | Entered Level 5 of the Dungeon
  5674 | D:5      | Noticed a water moccasin
  5737 | D:5      | Killed a water moccasin
  5988 | D:5      | Reached skill level 5 in Conjurations
  5988 | D:5      | Reached XP level 8. HP: 57/57 MP: 3/12
  6186 | D:5      | Found a bloodstained altar of Trog.
  6350 | D:5      | Found Saptemed's Antique Weapon Boutique.
  6525 | D:5      | Found an opulent altar of Gozag.
  6559 | D:5      | Became a worshipper of Gozag Ym Sagoz the Greedy
  7015 | D:5      | Found a glowing silver altar of Zin.
  7075 | D:5      | Reached XP level 9. HP: 44/64 MP: 4/14
  7313 | D:5      | Found a radiant altar of Vehumet.
  7492 | D:6      | Noticed Duvessa
  7492 | D:6      | Noticed Dowan
  7635 | D:6      | Noticed Menkaure
  7666 | D:6      | Reached skill level 5 in Stealth
  8029 | D:6      | Killed Dowan
  8135 | D:6      | Reached skill level 5 in Staves
  8136 | D:6      | Killed Duvessa
  8274 | D:5      | Bought a smoking spear for 224 gold pieces
  8274 | D:5      | Identified the +4 spear of Desertification {flame, rF-
                  | Str+6} (You bought it in a shop on level 5 of the Dungeon)
  8430 | D:5      | Killed Menkaure
  8752 | D:6      | Reached skill level 5 in Dodging
  8943 | D:6      | Found a staircase to the Ecumenical Temple.
  9440 | D:6      | Reached XP level 10. HP: 72/72 MP: 8/16
  9755 | D:7      | Found a transporter.
  9964 | D:7      | Noticed Maggie
  9986 | D:7      | Killed Maggie
 10284 | D:7      | Reached skill level 5 in Spellcasting
 10508 | D:7      | Noticed a rime drake
 10510 | D:7      | Noticed a rime drake
 10511 | D:7      | Noticed a rime drake
 10552 | D:7      | Killed a rime drake
 10557 | D:7      | Killed a rime drake
 10694 | D:7      | Killed a rime drake
 10695 | D:7      | Reached skill level 5 in Fighting
 10817 | D:7      | Noticed zeram's ghost (novice SpEn)
 10818 | D:7      | Noticed a moth of wrath
 10832 | D:7      | Found a bloodstained altar of Trog.
 10841 | D:7      | Found a transporter.
 10845 | D:7      | Noticed a two-headed ogre
 11211 | D:7      | Found the +4 skin of Zhor {*Englaciate rC+++ SInv}
 11703 | D:8      | Learned a level 3 spell: Tukima's Dance
 11831 | D:8      | Reached skill level 5 in Hexes
 11955 | D:8      | Found Hakhuj's Assorted Antiques.
 11963 | D:8      | Bought a bound bone ring for 110 gold pieces
 11963 | D:8      | Identified the ring "Ijoat" {rPois rCorr Dex+7 SInv} (You
                  | bought it in a shop on level 8 of the Dungeon)
 12024 | D:8      | Reached skill level 1 in Axes
 12182 | D:8      | Reached XP level 11. HP: 68/80 MP: 0/19
 12322 | D:8      | Found a shimmering blue altar of Sif Muna.
 12741 | D:9      | Reached skill level 2 in Axes
 12860 | D:9      | Learned a level 4 spell: Fulminant Prism
 12938 | D:10     | Entered Level 10 of the Dungeon
 12938 | D:10     | Found a flagged portal.
 13037 | D:10     | Noticed Josephine
 13046 | Bailey   | Entered a bailey
 13272 | Bailey   | Noticed an orc warlord
 13556 | Bailey   | Found a runed translucent gate.
 13556 | Bailey   | Found a runed translucent gate.
 13561 | Bailey   | Found a runed translucent gate.
 13647 | Bailey   | Gained mutation: You passively dampen the noise of your
                  | surroundings. [potion of mutation]
 13647 | Bailey   | Gained mutation: You are frail. (-10% HP) [potion of
                  | mutation]
 13647 | Bailey   | Gained mutation: Your body sometimes deteriorates upon
                  | taking damage. [potion of mutation]
 13649 | Bailey   | Lost mutation: Your body sometimes deteriorates upon taking
                  | damage. [potion of mutation]
 13649 | Bailey   | Lost mutation: You are frail. (-10% HP) [potion of
                  | mutation]
 13649 | Bailey   | Lost mutation: You passively dampen the noise of your
                  | surroundings. [potion of mutation]
 13649 | Bailey   | Gained mutation: Potions are less effective at restoring
                  | your health. [potion of mutation]
 13649 | Bailey   | Gained mutation: You possess an exceptional clarity of
                  | mind. [potion of mutation]
 13649 | Bailey   | Gained mutation: Your system is resistant to poisons.
                  | (rPois) [potion of mutation]
 13649 | Bailey   | Gained mutation: You are partially covered in iridescent
                  | scales. (AC +2) [potion of mutation]
 14707 | D:9      | Found a staircase to the Lair.
 16615 | D:11     | Found a runed translucent gate.
 16615 | D:11     | Found a runed translucent gate.
 16662 | D:10     | Noticed Nergalle
 16667 | D:10     | Found a hide-covered altar of Uskayaw.
 16823 | D:10     | Noticed an eight-headed hydra
 16900 | D:10     | Learned a level 4 spell: Iskenderun's Mystic Blast
 16924 | D:10     | Killed a one-headed hydra
 16925 | D:10     | Reached skill level 1 in Translocations
 16925 | D:10     | Reached XP level 12. HP: 51/88 MP: 13/21
 16932 | D:10     | Killed Nergalle
 17345 | D:10     | Found a hazy altar of Hepliaklqana.
 17495 | D:10     | Noticed a vault guard
 17525 | D:9      | Killed a vault guard
 17670 | Lair:1   | Entered Level 1 of the Lair of Beasts
 17718 | Lair:1   | Reached skill level 3 in Axes
 17915 | Lair:1   | Noticed a death yak
 17915 | Lair:1   | Noticed a death yak
 17926 | Lair:1   | Noticed a death yak
 17932 | Lair:1   | Noticed a four-headed hydra
 18058 | Lair:1   | Reached skill level 4 in Axes
 18288 | Lair:1   | Killed a death yak
 18289 | Lair:1   | Reached skill level 5 in Axes
 19034 | D:10     | Noticed Urug
 19057 | D:10     | Killed Urug
 19058 | D:10     | Reached skill level 6 in Axes
 19179 | D:10     | Killed Josephine
 19180 | D:10     | Reached skill level 7 in Axes
 19318 | D:10     | Acquired the +0 pair of boots of Kamavin {*Slow +Inv Str+3}
 19401 | D:10     | Found a portal to a secret trove of treasure.
 20050 | D:11     | Noticed a two-headed ogre
 20058 | D:11     | Killed a two-headed ogre
 20107 | D:11     | Noticed a five-headed hydra
 20121 | D:11     | Killed a one-headed hydra
 20455 | D:11     | Reached skill level 8 in Axes
 20673 | Lair:1   | Reached XP level 13. HP: 64/93 MP: 9/22
 20690 | D:9      | Reached skill level 5 in Translocations
 20862 | Lair:1   | Killed a one-headed hydra
 20931 | Lair:1   | Reached skill level 9 in Axes
 21205 | Lair:1   | Got Lyashioga's Exposition on the Evil Tesseract
 22270 | Lair:1   | Reached skill level 10 in Axes
 23269 | Lair:2   | Identified the +0 robe "Kushrieci" {rElec Will- Slay+2}
 23768 | Lair:2   | Found a staircase to the Shoals.
 23873 | Lair:3   | Noticed a boulder beetle
 24018 | Lair:3   | Killed a boulder beetle
 24177 | Lair:3   | Found a hole to the Spider Nest.
 24623 | Lair:3   | You fall into a shaft and drop 2 floors!
 24623 | Lair:5   | Entered Level 5 of the Lair of Beasts
 25377 | Lair:3   | Identified the +0 chain mail of the Zebra {Int+2}
 25390 | Lair:3   | Identified the +10 dagger of Fiyleug {antimagic, rElec
                  | SInv}
 27176 | Lair:4   | Reached XP level 14. HP: 79/103 MP: 8/24
 27389 | Lair:4   | Found a runed translucent door.
 27392 | Lair:4   | Found a staircase to the Slime Pits.
 27674 | Lair:4   | Learned a level 2 spell: Ensorcelled Hibernation
 28695 | D:10     | Learned a level 4 spell: Cause Fear
 28837 | D:11     | Learned a level 3 spell: Mephitic Cloud
 28853 | D:11     | Found a runed translucent gate.
 28853 | D:11     | Noticed fitz's ghost (journeyman HOFi)
 29278 | D:11     | Found a staircase to the Orcish Mines.
 29675 | D:11     | Reached skill level 1 in Poison Magic
 29835 | D:12     | Reached skill level 1 in Air Magic
 29892 | D:11     | Slain by a boulder beetle

Illustrated notes

Levels and vault maps discovered:
D:1:      minmay_arrival_four_loops, layout_loops_corners,
          shapermc_ecumenical_altar_acropolis, minmay_box_of_dots
D:2:      layout_rooms, nicolae_eternal_life, chequers_serial_rivers_small_3,
          uniq_robin
D:3:      minmay_razor_zed, layout_basic, serial_shops, shop_coins,
          nicolae_concentric_dashed_squares_mild, uniq_jessica
D:4:      layout_loops_ring, ashenzari_conservatory_becter,
          mainiacjoe_overflow_24_doors, nicolae_elevator_lobby_asterisk
D:5:      layout_cave_pools, grunt_gozag_breadcrumbs, zin_statuary,
          old_standard_altar, trog_hazing_becter, serial_shops,
          nicolae_stop_n_shop_1, minmay_increasing_density
D:6:      wander_river, layout_cave_pods, minmay_temple_entry_overgrown,
          hangedman_abyss_or_decor_stagger, dreamdust_princess_corridor,
          nicolae_titane, uniq_duvessa, uniq_menkaure
D:7:      layout_gridville, gammafunk_ghost_wrathful_warriors,
          roderic_roman_lattice, hellmonk_guarded_unrand_zhor, uniq_maggie
D:8:      layout_basic, mainiacjoe_overflow_concentric_impassable, serial_shops,
          shop
D:9:      layout_stronghold, minmay_lair_entry_grove
D:10:     layout_cave_pools, nicolae_uskayaw_dance_hall,
          mainiacjoe_overflow_alcove_1, enter_trove_5, enter_bailey_2,
          chequers_serial_rivers_large_a, uniq_josephine, uniq_nergalle,
          uniq_urug
D:11:     layout_roguey, erik_orc_1, ebering_ghost_rock_garden
D:12:     layout_cave_pools, serial_co_window_serial, co_window_paths_a,
          co_window_paths_a, co_window_corner_a, co_window_paths_a,
          co_window_of_opportunity_a, co_window_broadway_a,
          co_window_of_opportunity_c, co_window_broadway_b, co_window_corner_b,
          co_window_paths_e, serial_shops, shop, minmay_lizard_king, uniq_azrael
Lair:1:   layout_misc_corridors, serial_bayou_shore_a, grunt_megastairs_4
Lair:2:   layout_regular_city, elwin_shoals_entry_rooms
Lair:3:   layout_regular_city, spider_nest_entry_webs, lemuel_fruit_fields
Lair:4:   layout_long_grid, slime_entry_2, infiniplex_staircase_pool,
          serial_bayou_shore_b
Lair:5:   gammafunk_lair_ancient_temple, layout_loops_ring

Skill      XL: |  1  2  3  4  5  6  7  8  9 10 11 12 13 14 |
---------------+-------------------------------------------+-----
Fighting       | 1 2 3 4 5 6 7 |  7.9
Hexes          | 1 2 3 4 5 6 |  6.1
Stealth        | 3 4 5 6 7 8 9 |  9.0
Dodging        | 3 4 5 6 7 8 |  8.3
Staves         | 2 4 5 7 8 |  8.8
Armour         | 1 2 3 |  3.0
Spellcasting   | 3 4 5 6 7 |  7.6
Conjurations   | 5 6 7 |  7.7
Axes           | 1 2 8 10 | 10.1
Translocations | 1 4 7 |  7.9
Poison Magic   | 1 |  1.3
Air Magic      | 1 |  1.3

Action                   |  1- 3 |  4- 6 |  7- 9 | 10-12 | 13-15 || total
-------------------------+-------+-------+-------+-------+-------++-------
Melee: Dagger            |     4 |    37 |       |       |       ||    41
       Staff             |       |    74 |    34 |   156 |    15 ||   279
       Punch             |       |     1 |       |    10 |     3 ||    14
       Spear             |       |       |    18 |   117 |       ||   135
       War axe           |       |       |       |    57 |   176 ||   233
       Short sword       |       |       |       |    58 |       ||    58
Throw: Dart              |       |       |       |     6 |       ||     6
       Throwing net      |       |       |       |     3 |       ||     3
       Boomerang         |       |       |       |     6 |       ||     6
 Cast: Magic Dart        |    22 |    26 |    41 |   130 |    65 ||   284
       Searing Ray       |    22 |    34 |    62 |   150 |   115 ||   383
       Dazzling Flash    |       |     3 |     4 |    27 |     3 ||    37
       Tukima's Dance    |       |       |       |     9 |       ||     9
       Fulminant Prism   |       |       |       |    38 |    45 ||    83
       Iskenderun's Myst |       |       |       |     6 |    44 ||    50
       Ensorcelled Hiber |       |       |       |       |     7 ||     7
Invok: Potion Petition   |       |       |       |     3 |     2 ||     5
       Call Merchant     |       |       |       |       |     1 ||     1
Evoke: Wand              |       |       |       |     3 |     8 ||    11
  Use: Scroll            |       |     9 |     8 |    15 |     7 ||    39
       Potion            |       |     1 |     1 |    19 |     7 ||    28
 Stab: Sleeping          |       |     4 |     1 |     1 |     4 ||    10
       Invisible         |       |     1 |     1 |    16 |     1 ||    19
       Distracted        |       |       |       |     1 |     3 ||     4
Armor: Robe              |     1 |    47 |       |       |       ||    48
       Leather armour    |       |    18 |    76 |   265 |   194 ||   553
       Skin              |       |       |       |       |     6 ||     6
Dodge: Dodged            |     5 |    91 |   129 |   611 |   398 ||  1234
Block: Other             |     3 |    10 |       |       |       ||    13
